 Dungeon Crawl Stone Soup version 0.27-a0-906-g0a00ce863d (webtiles) character file.

Game seed: 6041610955671647568

2 nathanmyersc the Grave Robber (level 1, 0/13 HPs)
             Began as a Vampire Necromancer on Apr 7, 2021.
             Slain by a jackal (3 damage)
             ... on level 1 of the Dungeon.
             The game lasted 00:02:29 (34 turns).

nathanmyersc the Grave Robber (Vampire Necromancer)   Turns: 34, Time: 00:02:30

Health: 0/13       AC:  2    Str:  7    XL:     1   Next: 33%
Magic:  1/3        EV: 12    Int: 17    God:
Gold:   0          SH:  0    Dex: 14    Spells: 3/4 levels left

rFire    . . .     SeeInvis +   (no weapon)
rCold    . . .     Faith    .   (no shield)
rNeg     . . .     Spirit   .   a - +0 robe
rPois    .         Reflect  .   (no helmet)
rElec    .         Harm     .   (no cloak)
rCorr    .         Rampage  .   (no gloves)
Will     .....                  (no boots)
Stlth    ++........             (no amulet)
HPRegen  0.24/turn              (no ring)
MPRegen  0.08/turn              (no ring)

@: regenerating quickly
A: alive, fangs 3, see invisible, unbreathing 1, vampiric 1
a: Exsanguinate


You were on level 1 of the Dungeon.
You visited 1 branch of the dungeon, and saw 1 of its levels.

Inventory:

Armour
 a - a +0 robe (worn)


   Skills:
 + Level 2.2 Dodging
 + Level 3.0 Stealth
 + Level 2.0 Spellcasting
 + Level 4.5 Necromancy


You had 3 spell levels left.
You knew the following spells:

 Your Spells              Type           Power      Damage    Failure   Level
a - Pain                  Necr           68%        1d7       3%          1

Your spell library contained the following spells:

 Spells                   Type           Power      Damage    Failure   Level
 Animate Skeleton         Necr           34%        N/A       3%          1
 Vampiric Draining        Necr           8%         2d7       9%          3
 Animate Dead             Necr           8%         N/A       30%         4
 Agony                    Necr           17%        N/A       63%         5


Dungeon Overview and Level Annotations

Branches:
Dungeon (1/15)

Altars:


Innate Abilities, Weirdness & Mutations

Your natural rate of healing is unusually fast.
You have razor-sharp teeth.
You have supernaturally acute eyesight. (SInv)
You can survive without breathing.
You are afflicted with vampirism.


Message History

A kobold comes into view. It is wielding a +0 dagger.
The jackal barely misses you. The jackal bites you.
You are too injured to fight recklessly!
You hit the jackal.
The jackal is moderately wounded.
The jackal closely misses you. x2
You closely miss the jackal.
The jackal is moderately wounded.
The jackal closely misses you.
You closely miss the jackal.
The jackal is moderately wounded.
The jackal bites you but does no damage.
You hit the jackal.
The jackal is severely wounded.
The jackal barely misses you. The jackal bites you.
You barely miss the jackal. Your bite misses the jackal.
The jackal is severely wounded.
The jackal bites you.
* * * LOW HITPOINT WARNING * * *
You hit the jackal but do no damage. You bite the jackal, but do no damage.
The jackal is severely wounded.
The jackal barely misses you. x2
You barely miss the jackal.
The jackal is severely wounded.
The jackal closely misses you.
You hit the jackal but do no damage.
The jackal is severely wounded.
The jackal closely misses you.
You hit the jackal but do no damage.
The jackal is severely wounded.
The jackal misses you. The jackal completely misses you.
You hit the jackal but do no damage.
The jackal is severely wounded.
The jackal misses you.
You miss the jackal.
The jackal is severely wounded.
The jackal bites you but does no damage.
The jackal bites you.
You die...

.h##..##.....###
...........###8##
#..†....##8<8##
#.#.[#..##8..8#
#..##.###..8#
#..##..#8.8##
#..##.#..8.#
###.#..##.#####.#
.......Kh@..# ##
........#####
####.#... #.####
#.


You could see a jackal and a kobold.

Vanquished Creatures
  2 jackals (D:1)
2 creatures vanquished.

Notes
Turn   | Place    | Note
-------+----------+-------------------------------------------
     0 | D:1      | nathanmyersc the Vampire Necromancer began the quest for
                  | the Orb.
     0 | D:1      | Reached XP level 1. HP: 13/13 MP: 3/3
    34 | D:1      | Slain by a jackal

Illustrated notes

Levels and vault maps discovered:
D:1:      pf_arrival_petrified_forest, layout_loops_ring,
          basic_ecumenical_altar, hangedman_decor_growths, minmay_misc_feat_chi

Action                   || total
-------------------------++-------
Melee: Unarmed           ||    11
       Bite              ||     1
 Cast: Pain              ||     3
Armor: Robe              ||     2
Dodge: Dodged            ||    16

Table legend: (Time is in decaauts)
 A = Elapsed time spent in this place.
 B = Non-inter-level travel time spent in this place.
 C = Inter-level travel time spent in this place.
 D = Time resting spent in this place.
 E = Time spent auto-exploring this place.
 F = Levels seen in this place.
 G = Mean time per level.
                   A        B        C        D        E       F      G
               +--------+--------+--------+--------+--------+-----+--------+
         Total |     34 |     34 |      0 |      0 |      8 |   1 |   34.0 |
       Dungeon |     34 |     34 |      0 |      0 |      8 |   1 |   34.0 |
               +--------+--------+--------+--------+--------+-----+--------+

Top non-repeatable levels by time:
     D:1: 34 daAuts
